 Dungeon Crawl Stone Soup version 0.32-a0-329-ge6c31236d6 (webtiles) character file.

Game seed: 531883680845574529

12 Bravepunisher the Ducker (level 2, 16/16 HPs)
             Began as a Spriggan Monk on Feb 16, 2024.
             Quit the game in the Ecumenical Temple.
             The game lasted 00:01:19 (398 turns).

Bravepunisher the Ducker (Spriggan Monk)             Turns: 398, Time: 00:01:20

Health: 16/16      AC:  2    Str:  7    XL:     2   Next: 20%
Magic:  3/3        EV: 19    Int: 11    God:
Gold:   27         SH:  0    Dex: 17    Spells: 1/1 levels left

rFire   . . .        a - +0 short sword
rCold   . . .        (no shield)
rNeg    . . .        b - +0 robe
rPois   .            (helmet restricted)
rElec   .            (no cloak)
rCorr   .            (gloves unavailable)
SInv    +            (boots unavailable)
Will    .....        (no amulet)
Stlth   ++           (no ring)
HPRegen 0.22/turn    (no ring)
MPRegen 0.08/turn

%: no passive effects
@: very quick
A: very small, no large weapons, unfitting armour, see invisible, speed 3
a: no special abilities


You were in the Ecumenical Temple.
You visited 2 branches of the dungeon, and saw 5 of its levels.

You collected 27 gold pieces.

Inventory:

Hand Weapons
 a - a +0 short sword (weapon)
Armour
 b - a +0 robe (worn)
Scrolls
 d - a scroll of enchant armour {unknown}
 e - a scroll of poison {unknown}
 g - a scroll of noise {unknown}
Potions
 c - a potion of ambrosia
 f - 2 potions of curing {unknown}


   Skills:
 + Level 2.6 Fighting
 - Level 3.2 Short Blades
 * Level 4.7 Dodging


You had one spell level left.
You didn't know any spells.
Your spell library was empty.

Dungeon Overview and Level Annotations

Branches:
Dungeon (4/15)             Temple (1/1) D:4

Altars:
Ashenzari
Dithmenos
Elyvilon
Fedhas
Gozag
Hepliaklqana
Kikubaaqudgha
Nemelex Xobeh
Qazlal
Ru
Sif Muna
Vehumet
Wu Jian
Xom
Yredelemnul
Zin
The Shining One


Innate Abilities, Weirdness & Mutations

You are very small and have problems with some larger weapons.
You are too small for most types of armour.
You have supernaturally acute eyesight. (SInv)
You cover ground extremely quickly. (Speed+++)


Message History

A rat comes into view.
The rat squeaks loudly. x2
A giant cockroach comes into view.
A quokka comes into view.
There is a shaft here.
You fall into a shaft and drop 1 floor!
The shaft crumbles and collapses.
Found a scroll labelled SURCHI XUJYVUSCH and a fuming clear potion.
Found a stone staircase leading down.
A ball python comes into view.
There is a stone staircase leading down here.
The ball python hisses angrily.
You climb downwards.
Found a scroll labelled SURCHI XUJYVUSCH.
Found a stone staircase leading down.
There is a stone staircase leading up here.
A ball python comes into view.
Found 6 gold pieces and a mace.
Found a staircase to the Ecumenical Temple.
An orc comes into view. It is wielding a +0 sling.
The orc shouts!
The orc shoots a sling bullet.
The sling bullet closely misses you.
You hear a shout!
There is a staircase to the Ecumenical Temple here.
The orc shoots a sling bullet.
The sling bullet closely misses you.
You climb downwards.
Welcome to the Ecumenical Temple!
Found a radiant altar of Vehumet.
Found a staircase back to the Dungeon.
There is a staircase back to the Dungeon here.
Found a shimmering blue altar of Sif Muna.
There is a radiant altar of Vehumet here.
Found a shimmering altar of Xom.
There is a shimmering blue altar of Sif Muna here.
Found a blossoming altar of Fedhas.
Found an ancient bone altar of Kikubaaqudgha.
Found a broken altar of Ashenzari.
Found a shadowy altar of Dithmenos.
Found a basalt altar of Yredelemnul.
Found a glowing silver altar of Zin.
There is a basalt altar of Yredelemnul here.
Are you sure you want to abandon this character and quit the game? (Confirm with "yes".)

.# ##.......## #......##
.# ##.....## #.....## .#
#.._..# #.._..# .##
#.....# ##.....# ..##
#.....# ##......#
...###############...#####
#......# #......##
##.....# #.....## #.._..#
#..@..# #.....## ##.....#
#......## ##......#
#####...###...#####
##.......## ##..._.##
#.....# #._...# #.....#


There were no monsters in sight!

Vanquished Creatures
  2 bats (D:1)
  An endoplasm (D:1)
  2 goblins (D:1)
  A frilled lizard (D:1)
  A rat (D:2)
7 creatures vanquished.

Notes
Turn   | Place    | Note
-------+----------+-------------------------------------------
     0 | D:1      | Bravepunisher the Spriggan Monk began the quest for the
                  | Orb.
     0 | D:1      | Reached XP level 1. HP: 11/11 MP: 2/2
   247 | D:1      | Reached XP level 2. HP: 16/16 MP: 3/3
   325 | D:2      | You fall into a shaft and drop 1 floor!
   350 | D:4      | Found a staircase to the Ecumenical Temple.
   356 | Temple   | Entered the Ecumenical Temple
   398 | Temple   | Quit the game

Illustrated notes

Levels and vault maps discovered:
D:1:      sevenhm_arrival_forest_fort_small_4, layout_loops_corners,
          minivault_14
D:2:      layout_loops_ring, minmay_tripent
D:3:      layout_basic, nicolae_ecumenical_oubliette, uniq_natasha, uniq_sigmund
D:4:      kennysheep_spiral_hall, layout_rooms, lemuel_round_altar,
          minmay_temple_entry_sparse_star, minmay_misc_feat_five,
          nicolae_the_louvre
Temple:   minmay_crystal_spiral_temple

Action                     || total
---------------------------++-------
  Melee: Short sword       ||    16
   Stab: Sleeping          ||     3
 Armour: Robe              ||     2
  Dodge: Dodged            ||    13

Table legend: (Time is in decaauts)
 A = Elapsed time spent in this place.
 B = Non-inter-level travel time spent in this place.
 C = Inter-level travel time spent in this place.
 D = Time resting spent in this place.
 E = Time spent auto-exploring this place.
 F = Levels seen in this place.
 G = Mean time per level.
                   A        B        C        D        E       F      G
               +--------+--------+--------+--------+--------+-----+--------+
         Total |    254 |    230 |     24 |      0 |    160 |   5 |   50.8 |
       Dungeon |    229 |    229 |      0 |      0 |    160 |   4 |   57.2 |
        Temple |     25 |      1 |     24 |      0 |      0 |   1 |   25.0 |
               +--------+--------+--------+--------+--------+-----+--------+

Top non-repeatable levels by time:
     D:1: 194 daAuts
  Temple: 25 daAuts
     D:4: 17 daAuts
     D:2: 15 daAuts
     D:3: 2 daAuts
